 Dungeon Crawl Stone Soup version 0.27-a0-1500-g450c7e4133 (console) character file.

Game seed: 9016740060192324928

1491 jejorda2 the Spear-Bearer (level 8, -1/64 HPs)
             Began as a Merfolk Berserker on July 7, 2021.
             Was a Priest of Trog.
             Slain by a yak (7 damage)
             ... on level 5 of the Dungeon.
             The game lasted 00:08:55 (4393 turns).

jejorda2 the Spear-Bearer (Merfolk Berserker)       Turns: 4393, Time: 00:08:55

Health: -1/64      AC: 14    Str: 20    XL:     8   Next: 80%
Magic:  8/8        EV:  8    Int:  6    God:    Trog [***...]
Gold:   224        SH:  0    Dex: 13    Spells: 7/7 levels left

rFire    . . .     SeeInvis .   a - +0 trident
rCold    . . .     Faith    .   (no shield)
rNeg     + . .     Spirit   .   o - +0 chain mail
rPois    .         Reflect  .   d - +2 hat
rElec    .         Harm     .   (no cloak)
rCorr    .         Rampage  .   C - +0 pair of gloves
Will     +....                  B - +0 pair of boots
Stlth    ..........             (no amulet)
HPRegen  0.20/turn              i - ring of willpower
MPRegen  0.11/turn              z - ring of positive energy

@: on berserk cooldown, slowed, very slow
A: (nimble swimmer 2), mertail
a: Renounce Religion, Berserk, Trog's Hand


You were on level 5 of the Dungeon.
You worshipped Trog.
Trog was most pleased with you.
You visited 1 branch of the dungeon, and saw 5 of its levels.

You collected 282 gold pieces.
You spent 58 gold pieces at shops.

Inventory:

Hand Weapons
 a - a +0 trident (weapon)
Missiles
 e - 6 boomerangs
 r - 4 silver boomerangs
 w - 36 poisoned darts (quivered)
Armour
 d - a +2 hat (worn)
 o - a +0 chain mail (worn)
 B - a +0 pair of boots (worn)
 C - a +0 pair of gloves (worn)
Jewellery
 i - a ring of willpower (left hand)
 z - a ring of positive energy (right hand)
Wands
 b - a wand of flame (14)
 q - a wand of mindburst (2)
Scrolls
 f - a scroll of noise
 n - 2 scrolls of identify {unknown}
 p - a scroll of enchant armour {unknown}
 s - a scroll of enchant weapon {unknown}
 t - 3 scrolls of teleportation {unknown}
Potions
 c - 4 potions of curing {unknown}
 g - 2 potions of heal wounds {unknown}
 j - a potion of degeneration {unknown}
 k - 2 potions of attraction {unknown}
 v - a potion of mutation {unknown}
 x - 2 potions of lignification {unknown}
 A - a potion of cancellation {unknown}


   Skills:
 - Level 6.0 Fighting
 * Level 11.6 Polearms
 + Level 4.4 Armour
 - Level 3.1 Dodging


You had 7 spell levels left.
You didn't know any spells.
Your spell library was empty.

Dungeon Overview and Level Annotations

Branches:
Dungeon (5/15)             Temple (0/1) D:5

Altars:
Gozag
Okawaru
Vehumet
Wu Jian
Xom

Shops:
D:4 [


Innate Abilities, Weirdness & Mutations

((You are quick and stealthy near water. (Stealth+, EV+, Speed+++)))
Your lower body shifts to a powerful aquatic tail in water.


Message History

You puncture the yak!
The yak is severely wounded.
You hit the yak.
The yak is almost dead.
The yak gores you.
You closely miss the yak.
The yak is almost dead.
You feel the effects of Trog's Hand fading.
You puncture the yak!
You kill the yak!
Trog accepts your kill.
Your Polearms skill increases to level 11!
Reach: a) +0 trident
Press: ? - help, Dir - move target, f - phantom
Aim: a phantom (almost destroyed, about 46% to evade your +0 trident)
You reach to attack!
You puncture the phantom!
You destroy the phantom!
Trog accepts your kill.
Items here: ††.
You feel a strong urge to attack something.
You are no longer berserk.
You are exhausted.
You feel yourself slow down.
Your skin stops crawling.
You feel less strong-willed.
There is an open door here.
There is a stone staircase leading down here.
You climb downwards.
You hear the hiss of flowing sand.
There is an entrance to an ossuary on this level.
Hurry and find it before the portal is buried!
You hear the slow hiss of a very distant avalanche of sand.
The yak gores you! The orc hits you with a +0 mace.
The orc hits you with a +0 club.
* * * LOW HITPOINT WARNING * * *
The orc hits you but does no damage. The yak gores you!
* * * LOW HITPOINT WARNING * * *
The orc closely misses you. The orc barely misses you.
The yak barely misses you. The orc hits you but does no damage.
There is a stone staircase leading up, spattered with blood here.
The yak gores you!
You die...

<,,,,,,,,,***** *#........****,,
*,,,,,,,,,*##** *#.........#*,,,*
*,,,,,,,,,,,.,*##...........,,***
,,,,,,,,,,**#.*#..#.........*****
*,,,,,,,,,* #.##.##....>...#**,,,
*,,,,,,,,,* #..#.##........# *,,,
*,,,,,,,,,* *#.!.[.o.......#**,,,
**,*,******###...##........#,,,,,
,,,,,,**####...Y@o).........,*,,,
,,,,,,*,........#o[........#**,,,
,,,,,,*,.................###**,,,
,,,,,,,,...........(.(......,,,,,
,,*****,..............#..##.,,,,,
,,,,,**,#.###....######..#*,,,,,,
*,**,,,,,,....##.# **...,,,,,,
,,,,,,,,,.....,..# *###,,,,,,
,,,,,,,,......$### *,,,,,,


You could see a yak and 2 orcs.

Vanquished Creatures
  3 yaks (D:4)
  2 ice beasts (D:5)
  A phantom (D:4)
  A kobold brigand (D:4)
  A scorpion (D:4)
  2 water moccasin skeletons
  A howler monkey (D:4)
  An orc priest (D:5)
  A hound (D:4)
  A jelly (D:4)
  Ijyb (D:3)
  2 iguanas
  A scorpion zombie (D:5)
  7 orc wizards
  2 gnolls
  4 adders
  2 adder skeletons (D:4)
  3 worms
  A dart slug (D:4)
  16 orcs
  7 endoplasms
  4 giant cockroaches
  7 goblins
  12 hobgoblins
  6 jackals (D:1)
  6 quokkas
  A ball python (D:3)
  2 bats
  2 frilled lizards
  7 kobolds
  3 rats
110 creatures vanquished.

Vanquished Creatures (others)
  A rat (D:3)
  3 fungi (D:2)
  3 toadstools (D:2)
7 creatures vanquished.

Grand Total: 117 creatures vanquished

Notes
Turn   | Place    | Note
-------+----------+-------------------------------------------
     0 | D:1      | jejorda2 the Merfolk Berserker began the quest for the Orb.
     0 | D:1      | Reached XP level 1. HP: 18/18 MP: 1/1
   159 | D:1      | Reached XP level 2. HP: 23/24 MP: 2/2
   314 | D:1      | Reached skill level 5 in Polearms
   314 | D:1      | Reached XP level 3. HP: 29/29 MP: 3/3
   537 | D:1      | Reached ** piety under Trog
  1558 | D:2      | Reached XP level 4. HP: 26/37 MP: 4/4
  1753 | D:2      | Found a faded altar of an unknown god.
  1817 | D:2      | Reached skill level 6 in Polearms
  2300 | D:2      | Reached XP level 5. HP: 41/42 MP: 5/5
  2421 | D:3      | You fall into a shaft and drop 1 floor!
  2454 | D:4      | Reached skill level 7 in Polearms
  2454 | D:4      | Reached XP level 6. HP: 49/49 MP: 6/6
  2581 | D:3      | Found a radiant altar of Vehumet.
  2593 | D:3      | Found a shimmering altar of Xom.
  2710 | D:3      | Noticed Ijyb
  2746 | D:3      | Killed Ijyb
  3095 | D:3      | Found an iron altar of Okawaru.
  3104 | D:3      | Reached *** piety under Trog
  3309 | D:4      | Reached skill level 5 in Fighting
  3309 | D:4      | Reached skill level 8 in Polearms
  3468 | D:4      | Reached XP level 7. HP: 56/56 MP: 5/7
  3576 | D:4      | Found an ornate altar of the Wu Jian Council.
  3906 | D:4      | Reached skill level 9 in Polearms
  3929 | D:4      | Found Rysicham's Armour Emporium.
  3937 | D:4      | Bought a +0 pair of gloves for 58 gold pieces
  3972 | D:4      | Found an opulent altar of Gozag.
  4271 | D:5      | Entered Level 5 of the Dungeon
  4286 | D:5      | Reached XP level 8. HP: 64/64 MP: 8/8
  4309 | D:5      | Reached skill level 10 in Polearms
  4313 | D:5      | Noticed a yak
  4318 | D:5      | Noticed a yak
  4320 | D:5      | Noticed a yak
  4321 | D:5      | Noticed a yak
  4359 | D:4      | Killed a yak
  4363 | D:4      | Killed a yak
  4372 | D:4      | Killed a yak
  4373 | D:4      | Reached skill level 11 in Polearms
  4393 | D:5      | Slain by a yak

Illustrated notes

Levels and vault maps discovered:
D:1:      lemuel_arrival_broad_hall, layout_basic
D:2:      wad_river_or_something, layout_basic,
          ebering_ecumenical_altar_sacrificial, grunt_decor_arrowhead,
          minmay_gold_behind_fungi, item_on_display_a
D:3:      layout_rooms, mainiacjoe_overflow_big_doors, fiery_altar_vehumet,
          interstate_on_off, uniq_ijyb
D:4:      layout_gridville, old_standard_altar,
          mainiacjoe_overflow_surrounded_room, grunt_ministairs_15,
          nicolae_stop_n_shop_2
D:5:      layout_rooms, cheibriados_altar_1, temple_hall,
          nicolae_ossuary_entry_giza, serial_shops,
          nicolae_shop_overgrown_old_shop

Skill      XL: |  1  2  3  4  5  6  7  8 |
---------------+-------------------------+-----
Dodging        | 3 |  3.1
Polearms       | 5 6 7 8 9 11 | 11.6
Armour         | 2 3 4 |  4.4
Fighting       | 4 5 6 |  6.0

Action                   |  1- 3 |  4- 6 |  7- 9 || total
-------------------------+-------+-------+-------++-------
Melee: Spear             |   157 |    84 |       ||   241
       Tailslap          |     2 |       |       ||     2
       Trident           |       |   116 |   133 ||   249
Throw: Dart              |       |       |     3 ||     3
Invok: Berserk           |     2 |     4 |     2 ||     8
       Trog's Hand       |       |     1 |     2 ||     3
  Use: Scroll            |       |       |     6 ||     6
 Stab: Sleeping          |     2 |       |       ||     2
Armor: Animal skin       |    24 |     7 |       ||    31
       Chain mail        |       |    60 |    73 ||   133
Dodge: Dodged            |    81 |    60 |    59 ||   200

Table legend: (Time is in decaauts)
 A = Elapsed time spent in this place.
 B = Non-inter-level travel time spent in this place.
 C = Inter-level travel time spent in this place.
 D = Time resting spent in this place.
 E = Time spent auto-exploring this place.
 F = Levels seen in this place.
 G = Mean time per level.
                   A        B        C        D        E       F      G
               +--------+--------+--------+--------+--------+-----+--------+
         Total |   4374 |   4235 |    139 |    314 |   3096 |   5 |  874.8 |
       Dungeon |   4374 |   4235 |    139 |    314 |   3096 |   5 |  874.8 |
               +--------+--------+--------+--------+--------+-----+--------+

Top non-repeatable levels by time:
     D:1: 1222 daAuts
     D:2: 1095 daAuts
     D:4: 1094 daAuts
     D:3: 896 daAuts
     D:5: 66 daAuts
